 Dungeon Crawl Stone Soup version 0.20.1-1-g8b1a95d (webtiles) character file.

8271 vishdafish the Spear-Bearer (level 11, -2/69 HPs)
             Began as a Gargoyle Fighter on July 13, 2017.
             Slain by an unseen horror (4 damage)
             ... on level 10 of the Dungeon.
             The game lasted 00:22:20 (10584 turns).

vishdafish the Spear-Bearer (Gargoyle Fighter)     Turns: 10584, Time: 00:22:21

Health: -2/69      AC: 18    Str: 22    XL:     11   Next: 28%
Magic:  11/11      EV: 12    Int:  9    God:
Gold:   440        SH: 11    Dex: 10    Spells: 10/10 levels left

rFire    . . .     SeeInvis .   a - +0 trident
rCold    . . .     Gourm    +   c - +0 shield
rNeg     + . .     Faith    .   b - +0 scale mail
rPois    ∞         Spirit   .   g - +0 helmet
rElec    +         Reflect  .   s - +0 cloak
rCorr    .         Harm     .   (no gloves)
MR       .....                  (no boots)
Stlth    ..........             P - amulet of the gourmand
Regen    0.3/turn               G - +4 ring of evasion
MPRegen  0.2/turn               (no ring)

@: no status effects
A: negative energy resistance 1, electricity resistance, unbreathing,
petrification resistance, rot immunity, AC +7
a: no special abilities


You were on level 10 of the Dungeon.
You were hungry.

You visited 2 branches of the dungeon, and saw 11 of its levels.

You collected 496 gold pieces.
You spent 56 gold pieces at shops.

Inventory:

Hand Weapons
 a - a +0 trident (weapon)
Missiles
 y - a throwing net (quivered)
Armour
 b - a +0 scale mail (worn)
 c - a +0 shield (worn)
 g - a +0 helmet (worn)
 s - a +0 cloak (worn)
Magical Staves
 u - an uncursed staff of earth
Jewellery
 G - a +4 ring of evasion (left hand)
 P - an amulet of the gourmand (around neck)
 S - a cursed ring of fire {unknown}
Wands
 d - a wand of confusion (20/48)
 j - a wand of random effects (20/48)
 l - a wand of lightning (9/15)
 x - a wand of paralysis (0/24)
 z - a wand of random effects (21/48)
 C - a wand of iceblast (4/15)
 E - a wand of lightning (6/15)
 F - a wand of random effects (22/48)
 M - a wand of confusion (27/48)
 O - a wand of confusion (29/48)
Scrolls
 i - a scroll of fear {unknown}
 k - 4 scrolls of remove curse
 m - 3 scrolls of enchant weapon {unknown}
 n - 2 scrolls of teleportation {unknown}
 p - 3 scrolls of noise
 q - 4 scrolls of fog {unknown}
 r - 3 scrolls of magic mapping {unknown}
 A - 3 scrolls of enchant armour {unknown}
 I - a scroll of random uselessness {unknown}
 K - 2 scrolls of recharging {unknown}
 L - a scroll of immolation {unknown}
 R - a scroll of identify
Potions
 h - a potion of lignification
 t - 2 potions of berserk rage
 v - a potion of haste {unknown}
 w - 2 potions of ambrosia
 B - a potion of curing
 D - 5 potions of brilliance
 J - 2 potions of agility
 N - 2 potions of flight
Comestibles
 f - 4 bread rations
 o - 8 royal jellies
 H - 4 fruits
 Q - a meat ration


   Skills:
 + Level 8.8 Fighting
 * Level 10.3(10.4) Polearms
 - Level 0.6(7.2) Staves
 + Level 9.0 Armour
 - Level 0.1 Dodging
 + Level 9.1 Shields


You had 10 spell levels left.
You didn't know any spells.

Dungeon Overview and Level Annotations

Branches:
Dungeon (10/15)            Temple (1/1) D:7
   Lair: D:8-11         Orc: D:9-12

Altars:
Ashenzari
Cheibriados
Dithmenos
Elyvilon
Fedhas
Gozag
Hepliaklqana
Kikubaaqudgha
Makhleb
Nemelex Xobeh
Okawaru
Qazlal
Ru
Sif Muna
Trog
Uskayaw
Vehumet
Xom
Yredelemnul
Zin
The Shining One

Shops:
D:5 *


Innate Abilities, Weirdness & Mutations

You are resistant to torment.
Your stone body is resilient. (AC +7)
You are immune to poison.
You resist negative energy. (rN+)
You are resistant to electric shocks. (rElec)
You can survive without breathing.
You are immune to petrification.
You are immune to rotting.


Message History

Something hits you but does no damage. Something hits you.
* * * LOW HITPOINT WARNING * * *
You feel better. Something hits you but does no damage. Something hits you.
* * * LOW HITPOINT WARNING * * *
Something hits you but does no damage.
You closely miss something. You block something's attack. Something hits you.
* * * LOW HITPOINT WARNING * * *
You feel better. Something hits you but does no damage.
Something barely misses you. Something hits you.
* * * LOW HITPOINT WARNING * * *
You puncture something! Something hits you but does no damage.
You barely miss something. Something hits you but does no damage.
Something hits you!
* * * LOW HITPOINT WARNING * * *
Something hits you but does no damage. Something hits you but does no damage.
You miss something. Something hits you.
You die...

..# #....### #.# ###
####...#####.# #..........#.###
#.......##.#...#####
#.......##...[.....#
#.......##.........####
#.......##............#
############...###.........##.#
...............'@{.........# .#
...........#...####........# .#
...........#...# #......?.##.#
..........##...# #...........#
################ ######+######
#


There were no monsters in sight!

Vanquished Creatures
  A two-headed ogre (D:8)
  Urug (D:10)
  Pikel (D:6)
  A deep elf mage (D:10)
  A hornet (D:10)
  5 yaks
  A wraith (D:10)
  2 hogs (D:8)
  A human (D:8)
  A wyvern (D:5)
  A hungry ghost (D:6)
  The ghost of jojo4000 the Skirmisher, an amateur DsAK of Lugonu (D:4)
  Duvessa (D:6)
  A water moccasin (D:9)
  An ice beast (D:6)
  3 orc warriors
  A sky beast (D:10)
  A black bear (D:9)
  A slave (D:6)
  6 ogres
  5 centaurs
  A big kobold (D:4)
  4 bullfrogs
  2 water moccasin zombies
  A scorpion (D:5)
  Dowan (D:6)
  8 killer bees
  The ghost of tirato the Insei, a weakling DsCK of Xom (D:3)
  4 wights (D:6)
  4 howler monkeys (D:8)
  6 crimson imps
  5 hounds
  A quasit (D:9)
  2 centaur skeletons (D:8)
  An orc priest (D:7)
  4 jellies
  6 orc wizards
  Terence (D:2)
  5 worker ants
  5 hound skeletons
  A worker ant zombie (D:7)
  13 adders
  13 gnolls
  A shadow imp (D:6)
  3 oozes
  An adder skeleton (D:7)
  3 worms
  2 dart slugs (D:2)
  8 leopard geckos
  22 orcs
  3 giant cockroaches
  36 goblins
  27 hobgoblins
  13 jackals
  7 kobolds
  4 quokkas
  5 bats (D:1)
  5 frilled lizards
  A quokka skeleton (D:4)
  A quokka zombie (D:5)
  7 rats
275 creatures vanquished.

Notes
Turn   | Place    | Note
-------+----------+-------------------------------------------
     0 | D:1      | vishdafish the Gargoyle Fighter began the quest for the Orb.
     0 | D:1      | Reached XP level 1. HP: 14/14 MP: 1/1
   163 | D:1      | Reached XP level 2. HP: 19/19 MP: 2/2
   539 | D:1      | Reached skill level 2 in Polearms
   810 | D:1      | Reached XP level 3. HP: 20/23 MP: 3/3
   878 | D:2      | Found a bloodstained altar of Trog.
   929 | D:2      | Found a faded altar of an unknown god.
   943 | D:2      | Became a worshipper of Ru the Awakened
   963 | D:2      | Fell from the grace of Ru
  1060 | D:2      | Reached XP level 4. HP: 28/28 MP: 4/4
  1236 | D:2      | Noticed Terence
  1264 | D:2      | Killed Terence
  1264 | D:2      | Reached skill level 3 in Polearms
  1310 | D:2      | Found a glowing silver altar of Zin.
  1545 | D:3      | Reached XP level 5. HP: 28/33 MP: 5/5
  1731 | D:3      | Noticed tirato's ghost (weakling DsCK)
  1749 | D:3      | Killed tirato's ghost
  2057 | D:3      | Reached XP level 6. HP: 31/38 MP: 6/6
  2427 | D:4      | Reached skill level 4 in Polearms
  2761 | D:4      | Noticed jojo4000's ghost (amateur DsAK)
  2786 | D:5      | Entered Level 5 of the Dungeon
  2964 | D:4      | Killed jojo4000's ghost
  2964 | D:4      | Reached XP level 7. HP: 31/44 MP: 7/7
  3435 | D:4      | Reached skill level 5 in Shields
  3765 | D:4      | Reached skill level 5 in Polearms
  3765 | D:4      | Reached skill level 5 in Armour
  4139 | D:5      | Reached skill level 5 in Fighting
  4231 | D:5      | Noticed a wyvern
  4242 | D:5      | Killed a wyvern
  4242 | D:5      | Reached XP level 8. HP: 45/49 MP: 8/8
  4563 | D:5      | Found Memylil's Assorted Antiques.
  4724 | D:5      | Bought a scroll labeled BYMEGUTOLAJAI for 20 gold pieces
  4724 | D:5      | Bought a murky inky potion for 18 gold pieces
  4724 | D:5      | Bought a murky orange potion for 18 gold pieces
  4826 | D:5      | Reached skill level 6 in Polearms
  4878 | D:5      | Found a sparkling altar of Nemelex Xobeh.
  5188 | D:6      | Found a blossoming altar of Fedhas.
  5300 | D:6      | Found a basalt altar of Yredelemnul.
  5359 | D:6      | Reached XP level 9. HP: 37/55 MP: 9/9
  5549 | D:6      | Reached skill level 7 in Polearms
  5563 | D:6      | Found a glowing golden altar of the Shining One.
  5707 | D:6      | Noticed Duvessa
  5709 | D:6      | Noticed Dowan
  5718 | D:6      | Killed Dowan
  5754 | D:6      | Killed Duvessa
  6150 | D:7      | Found a staircase to the Ecumenical Temple.
  6152 | D:7      | Noticed Pikel
  6421 | Temple   | Entered the Ecumenical Temple
  6733 | D:7      | Found a sand-covered staircase.
  7093 | D:6      | Killed Pikel
  7093 | D:6      | Reached skill level 8 in Polearms
  7481 | D:8      | Reached XP level 10. HP: 63/63 MP: 10/10
  7818 | D:8      | Noticed a two-headed ogre
  7853 | D:8      | Killed a two-headed ogre
  7853 | D:8      | Reached skill level 9 in Polearms
  9694 | D:9      | Found a hide-covered altar of Uskayaw.
  9838 | D:10     | Entered Level 10 of the Dungeon
  9863 | D:10     | Reached XP level 11. HP: 39/69 MP: 11/11
 10060 | D:10     | Reached skill level 10 in Polearms
 10069 | D:10     | Noticed Urug
 10084 | D:10     | Killed Urug
 10152 | D:10     | Noticed a skeletal warrior
 10152 | D:10     | Noticed a deep elf mage
 10227 | D:10     | Killed a deep elf mage
 10534 | D:10     | HP: 2/69 [something (4)]
 10576 | D:10     | HP: 3/69 [something (5)]
 10581 | D:10     | HP: 1/69 [something (7)]
 10584 | D:10     | Slain by an unseen horror

Skill      XL: |  1  2  3  4  5  6  7  8  9 10 11 |
---------------+----------------------------------+-----
Polearms       | 2 3 4 5 6 8 9 10 | 10.3
Shields        | 4 5 6 7 8 9 |  9.1
Armour         | 4 5 6 7 8 9 |  9.0
Fighting       | 4 5 6 7 8 |  8.8
Staves         | |  0.6
Dodging        | |  0.1

Action                   |  1- 3 |  4- 6 |  7- 9 | 10-12 || total
-------------------------+-------+-------+-------+-------++-------
Melee: Trident           |   133 |   254 |   690 |   522 ||  1599
       Staff             |       |    13 |       |       ||    13
Invok: Renounce Religion |     1 |       |       |       ||     1
Evoke: Wand              |       |     2 |     2 |       ||     4
  Use: Potion            |       |     1 |       |     7 ||     8
       Scroll            |       |       |     9 |     2 ||    11
  Eat: Chunk             |       |     6 |    15 |     9 ||    30
       Meat ration       |       |       |     2 |       ||     2
       Bread ration      |       |       |     1 |     1 ||     2
Armor: Scale mail        |    45 |   150 |   224 |   241 ||   660
Dodge: Dodged            |    26 |    89 |   263 |   185 ||   563
Block: Shield            |    55 |   123 |   333 |   240 ||   751
